 Dungeon Crawl Stone Soup version 0.28-a0-845-gfc338a8e3c (webtiles) character file.

Game seed: 1288641397025176062

623 siradein the Poker (level 7, 0/82 HPs)
             Began as a Merfolk Gladiator on Nov 13, 2021.
             Succumbed to a water moccasin's poison
             ... on level 5 of the Dungeon.
             The game lasted 00:06:11 (5334 turns).

siradein the Poker (Merfolk Gladiator)              Turns: 5334, Time: 00:06:12

Health: 0/82       AC:  4    Str: 16    XL:     7   Next: 47%
Magic:  7/7        EV: 14    Int:  7    God:
Gold:   212        SH:  4    Dex: 16    Spells: 6/6 levels left

rFire   . . .      SeeInvis .   a - +0 trident
rCold   . . .      Faith    .   v - +0 buckler
rNeg    . . .      Spirit   .   b - +0 leather armour
rPois   .          Reflect  .   c - +0 helmet
rElec   .          Harm     .   (no cloak)
rCorr   .          Rampage  .   (no gloves)
Will    .....                   (no boots)
Stlth   ..........              (no amulet)
HPRegen 0.23/turn               (no ring)
MPRegen 0.10/turn               (no ring)

@: berserking, lethally poisoned (0 -> -13), very quick
A: (nimble swimmer 2), mertail
a: no special abilities


You were on level 5 of the Dungeon.
You visited 1 branch of the dungeon, and saw 6 of its levels.

You collected 212 gold pieces.

Inventory:

Hand Weapons
 a - a +0 trident (weapon)
Missiles
 d - 3 throwing nets
 g - 134 stones (quivered)
 n - 3 boomerangs
Armour
 b - a +0 leather armour (worn)
 c - a +0 helmet (worn)
 v - a +0 buckler (worn)
Scrolls
 e - 2 scrolls of blinking {unknown}
 h - a scroll of enchant weapon {unknown}
 i - 2 scrolls of amnesia {unknown}
 j - 2 scrolls of magic mapping {unknown}
 k - a scroll of enchant armour {unknown}
 l - 2 scrolls of teleportation {unknown}
 s - 2 scrolls of brand weapon {unknown}
 t - a scroll of noise {unknown}
Potions
 f - 3 potions of curing {unknown}
 m - 2 potions of berserk rage
 o - 2 potions of attraction {unknown}
 p - 2 potions of cancellation {unknown}
 q - a potion of heal wounds {unknown}
 r - a potion of ambrosia {unknown}
 u - a potion of haste {unknown}
 w - a potion of lignification {unknown}


   Skills:
 + Level 4.3 Fighting
 + Level 6.6 Polearms
 + Level 4.0 Throwing
 + Level 2.3 Armour
 + Level 6.0 Dodging
 + Level 0.2 Shields


You had 6 spell levels left.
You didn't know any spells.
Your spell library contained the following spells:

 Spells                   Type           Power      Damage    Failure   Level
 Gell's Gravitas          Tloc           0%         N/A       95%         3
 Lesser Beckoning         Tloc           0%         N/A       95%         3
 Teleport Other           Tloc           0%         N/A       95%         3
 Tukima's Dance           Hex            0%         N/A       95%         3
 Passage of Golubria      Tloc           0%         N/A       100%        4
 Yara's Violent Unravell  Hex/Tmut       0%         3d3       100%        5


Dungeon Overview and Level Annotations

Branches:
Dungeon (6/15)
 Temple: D:4-7

Altars:
Elyvilon

Annotations:
D:4 2 transporters, porpoise's ghost, amateur DECj
D:5 Sigmund


Innate Abilities, Weirdness & Mutations

((You are quick and stealthy near water. (Stealth+, EV+, Speed+++)))
Your lower body shifts to a powerful aquatic tail in water.


Message History

The water moccasin bites you.
You are lethally poisoned!
The water moccasin poisons you!
You climb upwards.
Level annotation: Sigmund
* * * LOW HITPOINT WARNING * * *
You feel extremely sick.
There is a stone staircase leading down, spattered with blood here.
It was a potion of berserk rage.
A red film seems to cover your vision as you go berserk!
You feel yourself moving faster!
You feel mighty!
* * * LOW HITPOINT WARNING * * *
You feel very sick. You block the water moccasin's attack.
The water moccasin closely misses you.
You closely miss the water moccasin.
* * * LOW HITPOINT WARNING * * *
You feel very sick. The water moccasin bites you.
* * * LOW HITPOINT WARNING * * *
You are lethally poisoned!
The water moccasin poisons you!
You are too berserk!
You completely miss the water moccasin.
* * * LOW HITPOINT WARNING * * *
You feel very sick. You block the water moccasin's attack.
You puncture the water moccasin!
The water moccasin is moderately wounded.
* * * LOW HITPOINT WARNING * * *
You feel very sick. The water moccasin barely misses you.
You puncture the water moccasin!
The water moccasin is almost dead.
* * * LOW HITPOINT WARNING * * *
You feel very sick. The water moccasin bites you.
* * * LOW HITPOINT WARNING * * *
You miss the water moccasin.
The water moccasin is almost dead.
You die...

..### #..........##.#..# #.
#...# #..........##...## #.
###.### ###..#####.#..###
####. #...######..## #....#
##.... ###.....##.#####
###..####..##.
#####....#...###.....#...###.
###..........###...### #.
##.#............### #.
#...÷@S##....#...# ##
##.....######...#.## #
#...#.## ##..†..#### ##..##.#
####...... ##..###.####
##..#.. ###...# #.##.##
#..##. ## #.[.#.###.....#
##.### .######.#...##...##.##
#.### ....##....###...###..#
#....


You could see a water moccasin.

Vanquished Creatures
  An ogre (D:4)
  A phantom (D:4)
  2 orc priests (D:4)
  A jelly (D:3)
  A bullfrog skeleton (D:5)
  A centaur skeleton (D:4)
  A hound (D:3)
  An iguana (D:5)
  An orc wizard (D:4)
  2 hound skeletons
  8 adders
  3 gnolls (D:3)
  3 adder skeletons (D:4)
  7 dart slugs
  5 orcs
  6 endoplasms
  A giant cockroach (D:1)
  4 hobgoblins
  10 jackals
  5 kobolds
  6 quokkas
  13 ball pythons
  4 frilled lizards
  9 goblins
  5 rats
101 creatures vanquished.

Notes
Turn   | Place    | Note
-------+----------+-------------------------------------------
     0 | D:1      | siradein the Merfolk Gladiator began the quest for the Orb.
     0 | D:1      | Reached XP level 1. HP: 16/16 MP: 1/1
   155 | D:1      | Reached XP level 2. HP: 22/23 MP: 2/2
   434 | D:1      | Found a faded altar of an unknown god.
   597 | D:1      | Reached XP level 3. HP: 28/28 MP: 3/3
  1218 | D:2      | Reached skill level 1 in Armour
  1305 | D:2      | Reached skill level 5 in Polearms
  1305 | D:2      | Reached XP level 4. HP: 31/34 MP: 4/4
  2183 | D:3      | Reached XP level 5. HP: 32/41 MP: 5/5
  2474 | D:3      | Reached skill level 5 in Dodging
  2984 | D:4      | Found a transporter.
  3025 | D:4      | Noticed porpoise's ghost (amateur DECj)
  3026 | D:4      | Found a transporter.
  3026 | D:4      | Noticed an ogre
  3026 | D:4      | Identified the +1 great mace of the Revolution {vamp, Fly
                  | Dex-5 Stlth+}
  3026 | D:4      | Noticed an ogre
  3061 | D:4      | Found a white marble altar of Elyvilon.
  3069 | D:4      | Reached XP level 6. HP: 42/47 MP: 6/6
  3850 | D:4      | Reached XP level 7. HP: 43/54 MP: 7/7
  4278 | D:5      | Entered Level 5 of the Dungeon
  4380 | D:5      | Noticed Sigmund
  5333 | D:5      | HP: 3/82 [poisoned by a water moccasin]
  5334 | D:5      | Succumbed to a water moccasin's poison

Illustrated notes

Levels and vault maps discovered:
D:1:      lemuel_arrival_lava_pool, layout_basic,
          ebering_ecumenical_altar_sacrificial
D:2:      layout_basic, minmay_octomino_e4
D:3:      layout_rooms
D:4:      layout_loops_ring, lemuel_tele_altar, gammafunk_ghost_smash
D:5:      layout_rooms, uniq_sigmund
D:6:      layout_rooms, minmay_temple_entry_hall, uniq_menkaure, uniq_maggie

Skill      XL: |  1  2  3  4  5  6  7 |
---------------+----------------------+-----
Armour         | 1 2 |  2.3
Polearms       | 5 6 |  6.6
Fighting       | 3 4 |  4.3
Throwing       | 3 4 |  4.0
Dodging        | 5 6 |  6.0
Shields        | |  0.2

Action                   |  1- 3 |  4- 6 |  7- 9 || total
-------------------------+-------+-------+-------++-------
Melee: Trident           |   125 |    86 |    27 ||   238
       Halberd           |       |    92 |    34 ||   126
  Use: Potion            |       |       |     1 ||     1
 Stab: Sleeping          |     2 |     2 |     1 ||     5
Armor: Leather armour    |    23 |    33 |    12 ||    68
Dodge: Dodged            |    74 |    94 |    34 ||   202
Block: Buckler           |       |       |     5 ||     5

Table legend: (Time is in decaauts)
 A = Elapsed time spent in this place.
 B = Non-inter-level travel time spent in this place.
 C = Inter-level travel time spent in this place.
 D = Time resting spent in this place.
 E = Time spent auto-exploring this place.
 F = Levels seen in this place.
 G = Mean time per level.
                   A        B        C        D        E       F      G
               +--------+--------+--------+--------+--------+-----+--------+
         Total |   5375 |   5195 |    180 |    667 |   3702 |   6 |  895.8 |
       Dungeon |   5375 |   5195 |    180 |    667 |   3702 |   6 |  895.8 |
               +--------+--------+--------+--------+--------+-----+--------+

Top non-repeatable levels by time:
     D:4: 1552 daAuts
     D:3: 1057 daAuts
     D:1: 1037 daAuts
     D:2: 1007 daAuts
     D:5: 713 daAuts
     D:6: 8 daAuts
